Sabres vs Penguins

Created - March 15, 2017 at 18:01

Goals
1 2 3 T
Sabres 0 2 0 2
Penguins 1 1 3 5
Shots
1 2 3 T
Sabres 11 9 9 29
Penguins 14 13 6 33

1st period

1. Penguins , Victor Hedman 11 (Ryan Suter, Ben Bishop) at 8:59 (PP)

Penalties :
Olli Maatta (PIT) for Hooking (Minor) at 2:24, Dan Girardi (BUF) for Charging (Minor) at 7:37, Rasmus Ristolainen (BUF) for Hooking (Minor) at 18:46

2nd period

2. Sabres , Nino Niederreiter 27 (Brian Campbell, Anders Lee) at 3:01 (PP)
3. Penguins , Luke Glendening 7 (Ryan Suter, Alexander Wennberg) at 8:01
4. Sabres , Brian Campbell 6 (Jason Zucker, Ryan Nugent-Hopkins) at 12:15 (PP)

Penalties :
Mark Giordano (PIT) for Holding (Minor) at 2:15, Patrick Eaves (BUF) for High sticking (Minor) at 6:00, David Savard (PIT) for Hooking (Minor) at 11:15

3rd period

5. Penguins , Mark Giordano 7 (Brandon Saad, William Nylander) at 7:50 (PP)
6. Penguins , David Perron 12 (Luke Glendening, Mark Barberio) at 10:31
7. Penguins , Nathan MacKinnon 28 (Alexander Wennberg, Ben Bishop) at 14:25 (PP)

Penalties :
Seth Helgeson (BUF) for Interference (Minor) at 5:55, Ryan Suter (PIT) for Fighting (Major) at 10:43, Anders Lee (BUF) for Fighting (Major) at 10:43, Zach Hyman (BUF) for Hooking (Minor) at 13:55, David Savard (PIT) for Interference (Minor) at 16:29

Goalie Stats

Ondrej Pavelec (BUF), 28 saves from 33 shots - (0.848), L, 16-27-6, 60:00 minutes
Ben Bishop (PIT), 27 saves from 29 shots - (0.931), W, 22-26-7, 60:00 minutes

Players Stats for Sabres

Player Name              G  A  P  +/- PIM S  H  SB GA TA FO     MP     PP MP  PK MP  
------------------------------------------------------------------------------------
Anders Lee               0  1  1   0  5   0  4  0  0  0  2/2    18:00   3:23   0:14 
Bo Horvat                0  0  0  -1  0   1  1  1  0  0  6/13   16:14   0:00   2:03 
Brett Connolly           0  0  0  -1  0   1  0  0  0  0  1/3     5:38   0:00   0:00 
Brian Campbell           1  1  2   0  0   4  0  2  0  0  0/0    20:09   3:03   3:04 
Cody Franson             0  0  0   0  0   1  0  0  0  0  0/0    20:09   3:03   3:04 
Dan Girardi              0  0  0  -1  2   1  2  2  0  0  0/0    25:42   2:41   3:51 
Jake McCabe              0  0  0  -1  0   0  0  1  0  0  0/0    13:26   0:00   0:08 
Jason Zucker             0  1  1   0  0   2  1  0  0  0  0/1    16:47   2:21   2:08 
Kris Versteeg            0  0  0  -1  0   1  1  0  0  0  0/2    12:41   0:00   0:00 
Kyle Turris              0  0  0   0  0   5  0  0  0  0  24/40  24:40   3:23   5:23 
Lars Eller               0  0  0  -1  0   3  0  0  0  0  1/2     5:43   0:00   0:05 
Nino Niederreiter        1  0  1   0  0   2  2  0  0  0  1/2    19:17   3:23   0:00 
Patrick Eaves            0  0  0   0  2   1  3  0  0  0  1/1    14:38   2:21   0:00 
Rasmus Ristolainen       0  0  0  -1  2   3  0  1  0  0  0/0    25:27   2:41   3:36 
Ryan Nugent-Hopkins      0  1  1   0  0   3  0  0  0  0  12/19  20:16   2:21   5:37 
Seth Helgeson            0  0  0  -1  2   0  3  2  0  0  0/0    15:04   0:00   1:47 
Thomas Vanek             0  0  0  -1  0   1  0  0  0  0  1/2    12:41   0:00   0:00 
Zach Hyman               0  0  0  -1  2   0  0  0  0  0  5/7     5:37   0:00   0:00 

Players Stats for Penguins

Player Name              G  A  P  +/- PIM S  H  SB GA TA FO     MP     PP MP  PK MP  
------------------------------------------------------------------------------------
Alexander Wennberg       0  2  2   0  0   1  2  0  0  0  5/25   19:47   4:03   0:00 
Brandon Saad             0  1  1   0  0   0  1  0  0  0  0/0    19:41   3:42   0:00 
David Perron             1  0  1   2  0   2  2  0  0  0  0/1    11:26   0:00   0:00 
David Savard             0  0  0   0  4   1  2  3  0  0  0/0    21:20   3:16   1:08 
Jakub Voracek            0  0  0   0  0   5  1  0  0  0  1/2    19:41   3:42   0:00 
Luke Glendening          1  1  2   2  0   1  2  0  0  0  12/25  15:43   0:00   4:17 
Mark Barberio            0  1  1   2  0   1  0  0  0  0  0/0    15:29   0:00   1:17 
Mark Giordano            1  0  1   0  2   3  0  2  0  0  0/0    21:35   3:26   2:49 
Nathan MacKinnon         1  0  1   0  0   6  1  0  0  0  2/3    19:59   4:03   0:12 
Oliver Bjorkstrand       0  0  0   2  0   2  0  0  0  0  1/1    11:26   0:00   0:00 
Olli Maatta              0  0  0   2  2   1  3  0  0  0  0/0    14:08   0:00   0:00 
Pascal Dupuis            0  0  0   0  0   0  0  1  0  0  1/4     7:51   0:00   4:29 
Phil Kessel              0  0  0   0  0   4  1  0  0  0  0/1    19:47   4:03   0:00 
Ryan Callahan            0  0  0   0  0   0  0  0  0  0  0/2     4:37   0:00   1:15 
Ryan Carter              0  0  0   0  0   0  1  0  0  0  0/0     4:37   0:00   1:15 
Ryan Suter               0  2  2   0  5   3  2  5  0  0  0/0    23:07   4:09   3:38 
Victor Hedman            1  0  1   0  0   1  0  0  0  0  0/0    24:16   4:39   2:36 
William Nylander         0  1  1   0  0   2  0  1  0  0  18/30  19:41   3:42   0:00 

3 Stars

1 - Luke Glendening (PIT)
2 - David Perron (PIT)
3 - Brian Campbell (BUF)

Power Play

Sabres - 2 on 4 Attempt(s) - 50.00%
Penguins - 3 on 5 Attempt(s) - 60.00%

Penalty Kill

Sabres - 2 on 5 Attempt(s) - 40.00% - Score 0 goal in Penalty Kill
Penguins - 2 on 4 Attempt(s) - 50.00% - Score 0 goal in Penalty Kill

Team Stat

Sabres - Hits : 17 - Faceoff Wins : 54 - Blocked Shots : 9 - Penalty Minutes : 15
Penguins - Hits : 18 - Faceoff Wins : 40 - Blocked Shots : 12 - Penalty Minutes : 13

Official

Referees : Graham Skiliter and Frederick L'Ecuyer
Linesman : Brad Lazarowich and Tony Sericolo

Game Notes

Ryan Suter and Anders Lee fight to a draw at 10:43 of 3rd period

Finance

Level 1 -- Attendance: 4405 (67.77%) -- Ticket Income $493,360
Level 2 -- Attendance: 3587 (71.74%) -- Ticket Income $286,960
Level 3 -- Attendance: 3280 (93.71%) -- Ticket Income $186,960
Level 4 -- Attendance: 1999 (83.75%) -- Ticket Income $91,954
Luxury Box -- Attendance: 1000 (100.00%) -- Ticket Income $200,000
Game was played at the Consol Energy Center.
Total Attendance: 14271 (77.61%)
Total Ticket Income: $1,259,234
Other Income: $188,885
Total Income: $1,448,119

% Time on Ice - Sabres

Lines # - Real PCT - Wanted PCT - Time Play
Normal Forward
1 - 34% - 40% - 15:54
2 - 26% - 30% - 12:18
3 - 27% - 20% - 12:41
4 - 12% - 10% - 5:38
Normal Defense
1 - 37% - 40% - 17:24
2 - 30% - 30% - 14:02
3 - 29% - 20% - 13:18
4 - 4% - 10% - 1:47
PP Forward
1 - 59% - 60% - 3:23
2 - 41% - 40% - 2:21
PP Defense
1 - 47% - 60% - 2:41
2 - 53% - 40% - 3:03
PK Forward
1 - 74% - 60% - 5:42
2 - 26% - 40% - 2:03
PK Defense
1 - 60% - 60% - 4:41
2 - 40% - 40% - 3:04
PK3 Forward
1 - 0% - 60%
2 - 0% - 40%
PK3 Defense
1 - 0% - 60%
2 - 0% - 40%
44 Forward
1 - 0% - 60%
2 - 0% - 40%
44 Defense
1 - 0% - 60%
2 - 0% - 40%
Last Minute Offensive  - 0:00
Last Minute Defensive  - 0:00
Total
Forward - 60:00
Defense - 60:00

% Time on Ice - Penguins

Lines # - Real PCT - Wanted PCT - Time Play
Normal Forward
1 - 34% - 33% - 15:44
2 - 34% - 33% - 15:59
3 - 25% - 24% - 11:26
4 - 7% - 10% - 3:22
Normal Defense
1 - 37% - 40% - 17:01
2 - 33% - 35% - 15:21
3 - 30% - 25% - 14:09
4 - 0% - 0% - 0:00
PP Forward
1 - 52% - 60% - 4:03
2 - 48% - 40% - 3:42
PP Defense
1 - 60% - 60% - 4:39
2 - 40% - 40% - 3:06
PK Forward
1 - 78% - 60% - 4:29
2 - 22% - 40% - 1:15
PK Defense
1 - 45% - 60% - 2:36
2 - 55% - 40% - 3:08
PK3 Forward
1 - 0% - 60%
2 - 0% - 40%
PK3 Defense
1 - 0% - 60%
2 - 0% - 40%
44 Forward
1 - 0% - 60%
2 - 0% - 40%
44 Defense
1 - 0% - 60%
2 - 0% - 40%
Last Minute Offensive  - 0:00
Last Minute Defensive  - 0:00
Total
Forward - 60:00
Defense - 60:00

Play by Play

1st period


0:01 of 1st period - Kyle Turris wins face-off versus Alexander Wennberg in neutral zone.
0:19 of 1st period - Shot by Phil Kessel.
0:19 of 1st period - Stopped by Ondrej Pavelec without a rebound.
0:20 of 1st period - Ryan Nugent-Hopkins wins face-off versus William Nylander in Sabres zone.
0:29 of 1st period - Shot by William Nylander.
0:29 of 1st period - Shot Misses the Net.
0:51 of 1st period - Shot by William Nylander.
0:51 of 1st period - Deflect By Jakub Voracek.
0:51 of 1st period - Stopped by Ondrej Pavelec with a rebound.
1:17 of 1st period - Shot by Bo Horvat.
1:17 of 1st period - Shot Misses the Net.
1:25 of 1st period - Shot by Thomas Vanek.
1:25 of 1st period - Shot Misses the Net.
1:31 of 1st period - Shot by Bo Horvat.
1:31 of 1st period - Stopped by Ben Bishop without a rebound.
1:32 of 1st period - Kyle Turris wins face-off versus Luke Glendening in Penguins zone.
1:48 of 1st period - Nino Niederreiter is hit by Olli Maatta and loses puck.
2:24 of 1st period - Minor Penalty to Olli Maatta for Hooking.
2:25 of 1st period - Nathan MacKinnon wins face-off versus Ryan Nugent-Hopkins in Penguins zone.
2:34 of 1st period - Shot by Brian Campbell.
2:34 of 1st period - Stopped by Ben Bishop without a rebound.
2:35 of 1st period - Luke Glendening wins face-off versus Ryan Nugent-Hopkins in Penguins zone.
2:58 of 1st period - Shot by Ryan Nugent-Hopkins.
2:58 of 1st period - Stopped by Ben Bishop without a rebound.
2:59 of 1st period - Kyle Turris wins face-off versus Ryan Callahan in Penguins zone.
2:59 of 1st period - Nino Niederreiter is hit by David Savard and loses puck.
3:14 of 1st period - Shot by Rasmus Ristolainen.
3:14 of 1st period - Shot Misses the Net.
3:24 of 1st period - Shot by Rasmus Ristolainen.
3:24 of 1st period - Stopped by Ben Bishop without a rebound.
3:25 of 1st period - Luke Glendening wins face-off versus Ryan Nugent-Hopkins in Penguins zone.
4:48 of 1st period - Shot by Alexander Wennberg.
4:48 of 1st period - Shot Misses the Net.
4:52 of 1st period - Shot by Alexander Wennberg.
4:52 of 1st period - Shot Blocked by Jake McCabe.
4:54 of 1st period - Shot by Olli Maatta.
4:54 of 1st period - Stopped by Ondrej Pavelec without a rebound.
4:55 of 1st period - William Nylander wins face-off versus Kyle Turris in Sabres zone.
5:17 of 1st period - Icing by Dan Girardi.
5:18 of 1st period - Kyle Turris wins face-off versus Pascal Dupuis in Sabres zone.
5:23 of 1st period - Mark Giordano is hit by Nino Niederreiter and loses puck.
6:15 of 1st period - Nathan MacKinnon is hit by Jason Zucker and loses puck.
6:33 of 1st period - Shot by Nathan MacKinnon.
6:33 of 1st period - Stopped by Ondrej Pavelec without a rebound.
6:34 of 1st period - Zach Hyman wins face-off versus Luke Glendening in Sabres zone.
6:44 of 1st period - Lars Eller is hit by Olli Maatta and loses puck.
6:48 of 1st period - Icing by Mark Barberio.
6:49 of 1st period - Luke Glendening wins face-off versus Kris Versteeg in Penguins zone.
7:09 of 1st period - Oliver Bjorkstrand is hit by Dan Girardi and loses puck.
7:37 of 1st period - Minor Penalty to Dan Girardi for Charging.
7:38 of 1st period - Alexander Wennberg wins face-off versus Kyle Turris in Sabres zone.
7:53 of 1st period - Shot by Ryan Suter.
7:53 of 1st period - Shot Misses the Net.
7:55 of 1st period - Shot by Ryan Suter.
7:55 of 1st period - Stopped by Ondrej Pavelec without a rebound.
7:56 of 1st period - William Nylander wins face-off versus Kyle Turris in Sabres zone.
8:33 of 1st period - Shot by David Savard.
8:33 of 1st period - Shot Misses the Net.
8:35 of 1st period - Shot by David Savard.
8:35 of 1st period - Shot Blocked by Seth Helgeson.
8:57 of 1st period - Shot by Ryan Suter.
8:57 of 1st period - Stopped by Ondrej Pavelec with a rebound.
8:59 of 1st period - Shot by Victor Hedman.
8:59 of 1st period - Goal by Victor Hedman - Sabres : 0 - Penguins : 1.
9:00 of 1st period - Luke Glendening wins face-off versus Zach Hyman in neutral zone.
9:19 of 1st period - Shot by David Perron.
9:19 of 1st period - Stopped by Ondrej Pavelec without a rebound.
9:20 of 1st period - Kyle Turris wins face-off versus Alexander Wennberg in Sabres zone.
9:22 of 1st period - Icing by Anders Lee.
9:23 of 1st period - Kyle Turris wins face-off versus Alexander Wennberg in Sabres zone.
9:28 of 1st period - Shot by Nino Niederreiter.
9:28 of 1st period - Stopped by Ben Bishop without a rebound.
9:29 of 1st period - William Nylander wins face-off versus Kyle Turris in Penguins zone.
9:44 of 1st period - Shot by Brandon Saad.
9:44 of 1st period - Shot Blocked by Dan Girardi.
9:56 of 1st period - Shot by William Nylander.
9:56 of 1st period - Shot Misses the Net.
9:58 of 1st period - Shot by Jakub Voracek.
9:58 of 1st period - Stopped by Ondrej Pavelec with a rebound.
11:38 of 1st period - Shot by Kris Versteeg.
11:38 of 1st period - Shot Misses the Net.
11:40 of 1st period - Shot by Kris Versteeg.
11:40 of 1st period - Stopped by Ben Bishop without a rebound.
11:41 of 1st period - Brett Connolly wins face-off versus Pascal Dupuis in Penguins zone.
11:46 of 1st period - Shot by Brett Connolly.
11:46 of 1st period - Deflect By Lars Eller.
11:46 of 1st period - Stopped by Ben Bishop without a rebound.
11:47 of 1st period - Kyle Turris wins face-off versus Luke Glendening in Penguins zone.
11:56 of 1st period - Shot by David Perron.
11:56 of 1st period - Shot Misses the Net.
12:22 of 1st period - Shot by Luke Glendening.
12:22 of 1st period - Shot Blocked by Rasmus Ristolainen.
12:24 of 1st period - Shot by Mark Barberio.
12:24 of 1st period - Stopped by Ondrej Pavelec without a rebound.
12:25 of 1st period - Zach Hyman wins face-off versus William Nylander in Sabres zone.
12:34 of 1st period - Shot by Brett Connolly.
12:34 of 1st period - Stopped by Ben Bishop without a rebound.
12:35 of 1st period - Ryan Nugent-Hopkins wins face-off versus Alexander Wennberg in Penguins zone.
13:12 of 1st period - Shot by Alexander Wennberg.
13:12 of 1st period - Stopped by Ondrej Pavelec without a rebound.
13:13 of 1st period - William Nylander wins face-off versus Kyle Turris in Sabres zone.
13:24 of 1st period - Shot by Nino Niederreiter.
13:24 of 1st period - Shot Misses the Net.
13:26 of 1st period - Shot by Anders Lee.
13:26 of 1st period - Shot Misses the Net.
13:28 of 1st period - Shot by Rasmus Ristolainen.
13:28 of 1st period - Shot Blocked by William Nylander.
13:30 of 1st period - Shot by Kyle Turris.
13:30 of 1st period - Shot Hit the Post.
15:07 of 1st period - Shot by Patrick Eaves.
15:07 of 1st period - Shot Blocked by Ryan Suter.
15:09 of 1st period - Shot by Ryan Nugent-Hopkins.
15:09 of 1st period - Stopped by Ben Bishop with a rebound.
15:24 of 1st period - Shot by Jason Zucker.
15:24 of 1st period - Shot Misses the Net.
15:26 of 1st period - Shot by Cody Franson.
15:26 of 1st period - Stopped by Ben Bishop without a rebound.
15:27 of 1st period - Zach Hyman wins face-off versus Alexander Wennberg in Penguins zone.
15:28 of 1st period - Shot by Lars Eller.
15:28 of 1st period - Stopped by Ben Bishop without a rebound.
15:29 of 1st period - Anders Lee wins face-off versus Alexander Wennberg in Penguins zone.
15:38 of 1st period - Shot by Nathan MacKinnon.
15:38 of 1st period - Stopped by Ondrej Pavelec without a rebound.
15:39 of 1st period - William Nylander wins face-off versus Brett Connolly in Sabres zone.
16:09 of 1st period - Shot by Lars Eller.
16:09 of 1st period - Shot Blocked by Mark Giordano.
16:37 of 1st period - Mark Giordano is hit by Anders Lee.
17:33 of 1st period - Ryan Nugent-Hopkins is hit by Ryan Suter and loses puck.
18:11 of 1st period - Icing by Dan Girardi.
18:12 of 1st period - Luke Glendening wins face-off versus Thomas Vanek in Sabres zone.
18:17 of 1st period - Icing by Rasmus Ristolainen.
18:18 of 1st period - Luke Glendening wins face-off versus Bo Horvat in Sabres zone.
18:46 of 1st period - Minor Penalty to Rasmus Ristolainen for Hooking.
18:47 of 1st period - Kyle Turris wins face-off versus William Nylander in Sabres zone.
18:51 of 1st period - Off-side.
18:52 of 1st period - Kyle Turris wins face-off versus William Nylander in neutral zone.
19:01 of 1st period - Dan Girardi is hit by Brandon Saad and loses puck.
19:14 of 1st period - Shot by William Nylander.
19:14 of 1st period - Stopped by Ondrej Pavelec without a rebound.
19:15 of 1st period - Kyle Turris wins face-off versus Alexander Wennberg in Sabres zone.
19:30 of 1st period - Shot by Mark Giordano.
19:30 of 1st period - Shot Misses the Net.
19:38 of 1st period - Shot by Phil Kessel.
19:38 of 1st period - Shot Misses the Net.
19:40 of 1st period - Shot by Alexander Wennberg.
19:40 of 1st period - Deflect By Nathan MacKinnon.
19:40 of 1st period - Stopped by Ondrej Pavelec without a rebound.
19:41 of 1st period - Kyle Turris wins face-off versus Jakub Voracek in Sabres zone.
Goals for this period are 0 for Sabres vs 1 for Penguins.
Shots for this period are 11 for Sabres vs 14 for Penguins.

2nd period


0:01 of 2nd period - Nathan MacKinnon wins face-off versus Kyle Turris in neutral zone.
0:46 of 2nd period - Shot by Phil Kessel.
0:46 of 2nd period - Stopped by Ondrej Pavelec without a rebound.
0:47 of 2nd period - William Nylander wins face-off versus Zach Hyman in Sabres zone.
1:46 of 2nd period - Icing by Mark Giordano.
1:47 of 2nd period - William Nylander wins face-off versus Ryan Nugent-Hopkins in Penguins zone.
2:15 of 2nd period - Minor Penalty to Mark Giordano for Holding.
2:16 of 2nd period - Kyle Turris wins face-off versus Luke Glendening in Penguins zone.
2:19 of 2nd period - Shot by Kyle Turris.
2:19 of 2nd period - Stopped by Ben Bishop without a rebound.
2:20 of 2nd period - Kyle Turris wins face-off versus Luke Glendening in Penguins zone.
2:31 of 2nd period - Shot by Kyle Turris.
2:31 of 2nd period - Shot Blocked by Pascal Dupuis.
2:59 of 2nd period - Shot by Anders Lee.
2:59 of 2nd period - Shot Misses the Net.
3:01 of 2nd period - Shot by Brian Campbell.
3:01 of 2nd period - Deflect By Nino Niederreiter.
3:01 of 2nd period - Goal by Nino Niederreiter - Sabres : 1 - Penguins : 1.
3:02 of 2nd period - Ryan Nugent-Hopkins wins face-off versus Alexander Wennberg in neutral zone.
3:12 of 2nd period - Ryan Nugent-Hopkins is hit by Olli Maatta.
3:46 of 2nd period - Shot by Patrick Eaves.
3:46 of 2nd period - Stopped by Ben Bishop without a rebound.
3:47 of 2nd period - William Nylander wins face-off versus Kris Versteeg in Penguins zone.
4:02 of 2nd period - Shot by Jakub Voracek.
4:02 of 2nd period - Stopped by Ondrej Pavelec without a rebound.
4:03 of 2nd period - Kyle Turris wins face-off versus Luke Glendening in Sabres zone.
4:03 of 2nd period - Kyle Turris is hit by Luke Glendening.
4:23 of 2nd period - Shot by Oliver Bjorkstrand.
4:23 of 2nd period - Stopped by Ondrej Pavelec without a rebound.
4:24 of 2nd period - Thomas Vanek wins face-off versus Alexander Wennberg in Sabres zone.
5:01 of 2nd period - Shot by Nathan MacKinnon.
5:01 of 2nd period - Shot Misses the Net.
5:03 of 2nd period - Shot by Victor Hedman.
5:03 of 2nd period - Shot Blocked by Dan Girardi.
5:05 of 2nd period - Shot by Nathan MacKinnon.
5:05 of 2nd period - Stopped by Ondrej Pavelec without a rebound.
5:06 of 2nd period - Luke Glendening wins face-off versus Nino Niederreiter in Sabres zone.
5:45 of 2nd period - Shot by Luke Glendening.
5:45 of 2nd period - Shot Misses the Net.
6:00 of 2nd period - Minor Penalty to Patrick Eaves for High sticking.
6:01 of 2nd period - Kyle Turris wins face-off versus Alexander Wennberg in Sabres zone.
6:32 of 2nd period - Shot by Alexander Wennberg.
6:32 of 2nd period - Shot Misses the Net.
6:34 of 2nd period - Shot by Phil Kessel.
6:34 of 2nd period - Shot Hit the Post.
6:36 of 2nd period - Shot by Ryan Suter.
6:36 of 2nd period - Stopped by Ondrej Pavelec without a rebound.
6:37 of 2nd period - Ryan Nugent-Hopkins wins face-off versus William Nylander in Sabres zone.
7:16 of 2nd period - Shot by Mark Giordano.
7:16 of 2nd period - Stopped by Ondrej Pavelec without a rebound.
7:17 of 2nd period - Kyle Turris wins face-off versus Alexander Wennberg in Sabres zone.
7:17 of 2nd period - Kyle Turris is hit by Phil Kessel.
7:43 of 2nd period - Shot by Nathan MacKinnon.
7:43 of 2nd period - Shot Misses the Net.
7:59 of 2nd period - Shot by Ryan Suter.
7:59 of 2nd period - Shot Misses the Net.
8:01 of 2nd period - Shot by Luke Glendening.
8:01 of 2nd period - Goal by Luke Glendening - Sabres : 1 - Penguins : 2.
8:02 of 2nd period - William Nylander wins face-off versus Bo Horvat in neutral zone.
8:13 of 2nd period - Shot by David Savard.
8:13 of 2nd period - Stopped by Ondrej Pavelec without a rebound.
8:14 of 2nd period - Zach Hyman wins face-off versus Luke Glendening in Sabres zone.
8:14 of 2nd period - Zach Hyman is hit by Luke Glendening.
8:29 of 2nd period - Icing by Lars Eller.
8:30 of 2nd period - Lars Eller wins face-off versus Alexander Wennberg in Sabres zone.
8:52 of 2nd period - Icing by Victor Hedman.
8:53 of 2nd period - Ryan Nugent-Hopkins wins face-off versus Alexander Wennberg in Penguins zone.
8:54 of 2nd period - Shot by Jason Zucker.
8:54 of 2nd period - Shot Blocked by Ryan Suter.
8:56 of 2nd period - Shot by Dan Girardi.
8:56 of 2nd period - Stopped by Ben Bishop without a rebound.
8:57 of 2nd period - William Nylander wins face-off versus Kyle Turris in Penguins zone.
8:59 of 2nd period - Icing by Brandon Saad.
9:00 of 2nd period - William Nylander wins face-off versus Kyle Turris in Penguins zone.
9:38 of 2nd period - Off-side.
9:39 of 2nd period - Alexander Wennberg wins face-off versus Jason Zucker in neutral zone.
9:44 of 2nd period - Shot by Nathan MacKinnon.
9:44 of 2nd period - Stopped by Ondrej Pavelec without a rebound.
9:45 of 2nd period - Ryan Nugent-Hopkins wins face-off versus Alexander Wennberg in Sabres zone.
9:45 of 2nd period - Ryan Nugent-Hopkins is hit by Alexander Wennberg.
9:58 of 2nd period - Shot by Jason Zucker.
9:58 of 2nd period - Shot Blocked by Ryan Suter.
10:00 of 2nd period - Shot by Patrick Eaves.
10:00 of 2nd period - Deflect By Jason Zucker.
10:00 of 2nd period - Shot Misses the Net.
10:04 of 2nd period - Shot by Ryan Nugent-Hopkins.
10:04 of 2nd period - Shot Hit the Post.
10:08 of 2nd period - Shot by Patrick Eaves.
10:08 of 2nd period - Shot Blocked by Ryan Suter.
10:10 of 2nd period - Shot by Ryan Nugent-Hopkins.
10:10 of 2nd period - Shot Misses the Net.
10:18 of 2nd period - Shot by Patrick Eaves.
10:18 of 2nd period - Shot Misses the Net.
10:46 of 2nd period - Shot by Kyle Turris.
10:46 of 2nd period - Stopped by Ben Bishop without a rebound.
10:47 of 2nd period - William Nylander wins face-off versus Bo Horvat in Penguins zone.
11:04 of 2nd period - Shot by Kris Versteeg.
11:04 of 2nd period - Shot Misses the Net.
11:12 of 2nd period - Shot by Kris Versteeg.
11:12 of 2nd period - Shot Blocked by David Savard.
11:14 of 2nd period - Shot by Brian Campbell.
11:14 of 2nd period - Shot Misses the Net.
11:15 of 2nd period - Minor Penalty to David Savard for Hooking.
11:16 of 2nd period - Nino Niederreiter wins face-off versus Luke Glendening in Penguins zone.
12:13 of 2nd period - Shot by Jason Zucker.
12:13 of 2nd period - Shot Misses the Net.
12:15 of 2nd period - Shot by Brian Campbell.
12:15 of 2nd period - Goal by Brian Campbell - Sabres : 2 - Penguins : 2.
12:16 of 2nd period - Alexander Wennberg wins face-off versus Bo Horvat in neutral zone.
12:38 of 2nd period - Shot by Alexander Wennberg.
12:38 of 2nd period - Shot Misses the Net.
12:40 of 2nd period - Shot by Mark Giordano.
12:40 of 2nd period - Shot Blocked by Bo Horvat.
12:42 of 2nd period - Shot by Mark Giordano.
12:42 of 2nd period - Stopped by Ondrej Pavelec without a rebound.
12:43 of 2nd period - William Nylander wins face-off versus Ryan Nugent-Hopkins in Sabres zone.
12:58 of 2nd period - Brandon Saad is hit by Patrick Eaves and loses puck.
14:11 of 2nd period - Shot by Kyle Turris.
14:11 of 2nd period - Stopped by Ben Bishop with a rebound.
14:48 of 2nd period - Mark Giordano is hit by Bo Horvat.
15:58 of 2nd period - Off-side.
15:59 of 2nd period - Luke Glendening wins face-off versus Kyle Turris in neutral zone.
15:59 of 2nd period - David Perron is hit by Anders Lee and loses puck.
16:34 of 2nd period - Shot by David Perron.
16:34 of 2nd period - Deflect By Luke Glendening.
16:34 of 2nd period - Shot Misses the Net.
16:42 of 2nd period - Shot by Oliver Bjorkstrand.
16:42 of 2nd period - Stopped by Ondrej Pavelec without a rebound.
16:43 of 2nd period - Ryan Nugent-Hopkins wins face-off versus William Nylander in Sabres zone.
16:50 of 2nd period - Shot by Brandon Saad.
16:50 of 2nd period - Shot Blocked by Seth Helgeson.
17:13 of 2nd period - Brandon Saad is hit by Seth Helgeson and loses puck.
17:18 of 2nd period - Shot by William Nylander.
17:18 of 2nd period - Stopped by Ondrej Pavelec without a rebound.
17:19 of 2nd period - Bo Horvat wins face-off versus Pascal Dupuis in Sabres zone.
17:21 of 2nd period - Icing by Cody Franson.
17:22 of 2nd period - Luke Glendening wins face-off versus Bo Horvat in Sabres zone.
17:29 of 2nd period - Shot by David Perron.
17:29 of 2nd period - Shot Misses the Net.
17:31 of 2nd period - Shot by Oliver Bjorkstrand.
17:31 of 2nd period - Shot Misses the Net.
17:33 of 2nd period - Shot by Victor Hedman.
17:33 of 2nd period - Shot Blocked by Brian Campbell.
18:02 of 2nd period - Icing by Luke Glendening.
18:03 of 2nd period - Luke Glendening wins face-off versus Kyle Turris in Penguins zone.
18:03 of 2nd period - Victor Hedman is hit by Anders Lee.
18:06 of 2nd period - Ryan Suter is hit by Nino Niederreiter and loses puck.
18:41 of 2nd period - Shot by Jakub Voracek.
18:41 of 2nd period - Stopped by Ondrej Pavelec without a rebound.
18:42 of 2nd period - Ryan Nugent-Hopkins wins face-off versus Phil Kessel in Sabres zone.
18:47 of 2nd period - David Savard is hit by Patrick Eaves and loses puck.
19:08 of 2nd period - Shot by Jason Zucker.
19:08 of 2nd period - Stopped by Ben Bishop without a rebound.
19:09 of 2nd period - Bo Horvat wins face-off versus William Nylander in Penguins zone.
19:18 of 2nd period - Shot by Thomas Vanek.
19:18 of 2nd period - Stopped by Ben Bishop without a rebound.
19:19 of 2nd period - Kyle Turris wins face-off versus Luke Glendening in Penguins zone.
Goals for this period are 2 for Sabres vs 1 for Penguins.
Shots for this period are 9 for Sabres vs 13 for Penguins.

3rd period


0:01 of 3rd period - Kyle Turris wins face-off versus William Nylander in neutral zone.
0:46 of 3rd period - Shot by Jakub Voracek.
0:46 of 3rd period - Stopped by Ondrej Pavelec without a rebound.
0:47 of 3rd period - Ryan Nugent-Hopkins wins face-off versus Alexander Wennberg in Sabres zone.
1:05 of 3rd period - Shot by Jason Zucker.
1:05 of 3rd period - Shot Blocked by David Savard.
1:07 of 3rd period - Shot by Brian Campbell.
1:07 of 3rd period - Stopped by Ben Bishop without a rebound.
1:08 of 3rd period - Bo Horvat wins face-off versus Luke Glendening in Penguins zone.
1:38 of 3rd period - Shot by David Perron.
1:38 of 3rd period - Shot Misses the Net.
2:03 of 3rd period - Shot by Kyle Turris.
2:03 of 3rd period - Stopped by Ben Bishop without a rebound.
2:04 of 3rd period - Kyle Turris wins face-off versus Alexander Wennberg in Penguins zone.
2:04 of 3rd period - Anders Lee is hit by Ryan Suter and loses puck.
2:34 of 3rd period - Shot by Phil Kessel.
2:34 of 3rd period - Shot Misses the Net.
3:26 of 3rd period - Shot by Jason Zucker.
3:26 of 3rd period - Stopped by Ben Bishop without a rebound.
3:27 of 3rd period - Pascal Dupuis wins face-off versus Bo Horvat in Penguins zone.
3:27 of 3rd period - Pascal Dupuis is hit by Kris Versteeg.
3:50 of 3rd period - Jake McCabe is hit by Ryan Carter and loses puck.
4:28 of 3rd period - Ryan Carter is hit by Patrick Eaves and loses puck.
4:42 of 3rd period - Icing by Brian Campbell.
4:43 of 3rd period - Ryan Nugent-Hopkins wins face-off versus Nathan MacKinnon in Sabres zone.
5:36 of 3rd period - Off-side.
5:37 of 3rd period - Zach Hyman wins face-off versus William Nylander in neutral zone.
5:55 of 3rd period - Minor Penalty to Seth Helgeson for Interference.
5:56 of 3rd period - William Nylander wins face-off versus Kyle Turris in Sabres zone.
6:17 of 3rd period - Shot by Mark Giordano.
6:17 of 3rd period - Shot Misses the Net.
6:19 of 3rd period - Shot by Mark Giordano.
6:19 of 3rd period - Shot Misses the Net.
6:21 of 3rd period - Shot by Mark Giordano.
6:21 of 3rd period - Shot Blocked by Brian Campbell.
6:23 of 3rd period - Shot by Jakub Voracek.
6:23 of 3rd period - Shot Misses the Net.
6:47 of 3rd period - Dan Girardi is hit by Alexander Wennberg and loses puck.
6:52 of 3rd period - Shot by Ryan Suter.
6:52 of 3rd period - Shot Misses the Net.
7:11 of 3rd period - Icing by Victor Hedman.
7:12 of 3rd period - Kyle Turris wins face-off versus Alexander Wennberg in Penguins zone.
7:27 of 3rd period - Shot by Phil Kessel.
7:27 of 3rd period - Stopped by Ondrej Pavelec without a rebound.
7:28 of 3rd period - Bo Horvat wins face-off versus William Nylander in Sabres zone.
7:48 of 3rd period - Shot by Brandon Saad.
7:48 of 3rd period - Shot Misses the Net.
7:50 of 3rd period - Shot by Mark Giordano.
7:50 of 3rd period - Goal by Mark Giordano - Sabres : 2 - Penguins : 3.
7:51 of 3rd period - Bo Horvat wins face-off versus David Perron in neutral zone.
8:28 of 3rd period - Thomas Vanek is hit by David Perron and loses puck.
8:42 of 3rd period - Icing by Jake McCabe.
8:43 of 3rd period - Bo Horvat wins face-off versus William Nylander in Sabres zone.
9:05 of 3rd period - Icing by Ryan Suter.
9:06 of 3rd period - William Nylander wins face-off versus Kyle Turris in Penguins zone.
9:08 of 3rd period - Brandon Saad is hit by Anders Lee and loses puck.
9:43 of 3rd period - Shot by Anders Lee.
9:43 of 3rd period - Deflect By Kyle Turris.
9:43 of 3rd period - Stopped by Ben Bishop without a rebound.
9:44 of 3rd period - Ryan Nugent-Hopkins wins face-off versus Alexander Wennberg in Penguins zone.
10:01 of 3rd period - Shot by Phil Kessel.
10:01 of 3rd period - Stopped by Ondrej Pavelec without a rebound.
10:02 of 3rd period - Oliver Bjorkstrand wins face-off versus Brett Connolly in Sabres zone.
10:31 of 3rd period - Shot by David Perron.
10:31 of 3rd period - Goal by David Perron - Sabres : 2 - Penguins : 4.
10:32 of 3rd period - Alexander Wennberg wins face-off versus Kyle Turris in neutral zone.
10:43 of 3rd period - Ryan Suter and Anders Lee fight to a draw.
10:43 of 3rd period - Penalty to Ryan Suter for Fighting.
10:43 of 3rd period - Penalty to Anders Lee for Fighting.
10:44 of 3rd period - William Nylander wins face-off versus Ryan Nugent-Hopkins in Penguins zone.
10:51 of 3rd period - Shot by Jason Zucker.
10:51 of 3rd period - Shot Misses the Net.
10:53 of 3rd period - Shot by Ryan Nugent-Hopkins.
10:53 of 3rd period - Shot Blocked by David Savard.
11:04 of 3rd period - Ryan Nugent-Hopkins is hit by David Savard and loses puck.
11:45 of 3rd period - Icing by Rasmus Ristolainen.
11:46 of 3rd period - Kyle Turris wins face-off versus Alexander Wennberg in Sabres zone.
13:55 of 3rd period - Minor Penalty to Zach Hyman for Hooking.
13:56 of 3rd period - Jakub Voracek wins face-off versus Kyle Turris in Sabres zone.
14:10 of 3rd period - Icing by Brandon Saad.
14:11 of 3rd period - William Nylander wins face-off versus Kyle Turris in Penguins zone.
14:15 of 3rd period - Off-side.
14:16 of 3rd period - Kyle Turris wins face-off versus Alexander Wennberg in neutral zone.
14:25 of 3rd period - Shot by Nathan MacKinnon.
14:25 of 3rd period - Goal by Nathan MacKinnon - Sabres : 2 - Penguins : 5.
14:26 of 3rd period - William Nylander wins face-off versus Lars Eller in neutral zone.
15:04 of 3rd period - Shot by Lars Eller.
15:04 of 3rd period - Stopped by Ben Bishop without a rebound.
15:05 of 3rd period - Alexander Wennberg wins face-off versus Bo Horvat in Penguins zone.
15:10 of 3rd period - Bo Horvat is hit by Nathan MacKinnon and loses puck.
15:34 of 3rd period - Phil Kessel is hit by Dan Girardi.
16:08 of 3rd period - Brian Campbell is hit by David Perron.
16:09 of 3rd period - Icing by Brian Campbell.
16:10 of 3rd period - Anders Lee wins face-off versus William Nylander in Sabres zone.
16:10 of 3rd period - Anders Lee is hit by Jakub Voracek.
16:29 of 3rd period - Minor Penalty to David Savard for Interference.
16:30 of 3rd period - Luke Glendening wins face-off versus Ryan Nugent-Hopkins in Penguins zone.
16:38 of 3rd period - Shot by Brian Campbell.
16:38 of 3rd period - Stopped by Ben Bishop without a rebound.
16:39 of 3rd period - Kyle Turris wins face-off versus Luke Glendening in Penguins zone.
17:06 of 3rd period - Shot by Nino Niederreiter.
17:06 of 3rd period - Shot Blocked by Mark Giordano.
17:08 of 3rd period - Shot by Rasmus Ristolainen.
17:08 of 3rd period - Stopped by Ben Bishop without a rebound.
17:09 of 3rd period - Patrick Eaves wins face-off versus Luke Glendening in Penguins zone.
17:26 of 3rd period - Shot by Ryan Nugent-Hopkins.
17:26 of 3rd period - Stopped by Ben Bishop without a rebound.
17:27 of 3rd period - Luke Glendening wins face-off versus Kyle Turris in Penguins zone.
17:41 of 3rd period - Icing by Rasmus Ristolainen.
17:42 of 3rd period - Kyle Turris wins face-off versus Luke Glendening in Sabres zone.
18:07 of 3rd period - Shot by Rasmus Ristolainen.
18:07 of 3rd period - Stopped by Ben Bishop without a rebound.
18:08 of 3rd period - Ryan Nugent-Hopkins wins face-off versus Ryan Callahan in Penguins zone.
18:13 of 3rd period - Shot by Jason Zucker.
18:13 of 3rd period - Shot Blocked by Ryan Suter.
18:55 of 3rd period - Shot by Kris Versteeg.
18:55 of 3rd period - Shot Misses the Net.
19:33 of 3rd period - Nathan MacKinnon is hit by Seth Helgeson and loses puck.
19:38 of 3rd period - Shot by Phil Kessel.
19:38 of 3rd period - Shot Misses the Net.
19:49 of 3rd period - Phil Kessel is hit by Seth Helgeson and loses puck.
Goals for this period are 0 for Sabres vs 3 for Penguins.
Shots for this period are 9 for Sabres vs 6 for Penguins.